 Dungeon Crawl Stone Soup version 0.20.0-15-g7f486f2 (webtiles) character file.

112 Omegatherion the Skirmisher (level 4, -4/43 HPs)
             Began as a Gargoyle Fighter on June 22, 2017.
             Killed from afar by Terence (7 damage)
             ... with a wand of flame (?/48)
             ... on level 2 of the Dungeon.
             The game lasted 00:02:35 (727 turns).

Omegatherion the Skirmisher (Gargoyle Fighter)       Turns: 727, Time: 00:02:35

Health: -4/43      AC: 22    Str: 24    XL:     4   Next: 93%
Magic:  5/5        EV:  2    Int: 10    God:
Gold:   55         SH:  9    Dex:  9    Spells: 5/5 levels left

rFire    . . .     SeeInvis .   a - +0 flail
rCold    . . .     Gourm    .   c - +0 shield
rNeg     + + +     Faith    .   (armour currently unavailable)
rPois    ∞         Spirit   .   (helmet currently unavailable)
rElec    .         Reflect  .   (cloak currently unavailable)
rCorr    .         Harm     .   (gloves currently unavailable)
MR       .....     NoTele   +   (boots currently unavailable)
Stlth    +.........             (no amulet)
Regen    0.2/turn               (no ring)
MPRegen  0.1/turn               (no ring)

@: mighty, tree-form
A: negative energy resistance 1, petrification resistance, rot immunity, AC +3
a: no special abilities


You were on level 2 of the Dungeon.
You were not hungry.
You were a tree.
You visited 1 branch of the dungeon, and saw 2 of its levels.

You collected 55 gold pieces.

Inventory:

Hand Weapons
 a - a +0 flail (weapon)
Armour
 b - a +0 scale mail (melded)
 c - a +0 shield (worn)
 k - a +0 chain mail
 l - a +1 robe of cold resistance
Jewellery
 o - an uncursed ring of fire {unknown}
Scrolls
 e - a scroll of amnesia {unknown}
 h - a scroll of recharging {unknown}
 i - 4 scrolls of remove curse {unknown}
 j - 3 scrolls of identify {unknown}
 p - a scroll of fog {unknown}
 q - a scroll of enchant armour {unknown}
 r - 2 scrolls of teleportation {unknown}
Potions
 d - a potion of might
 n - 2 potions of agility
Comestibles
 f - a bread ration
 m - a royal jelly


   Skills:
 + Level 3.8 Fighting
 + Level 3.2 Maces & Flails
 + Level 3.7 Armour
 + Level 1.0 Dodging
 + Level 3.7 Shields
 * Level 1.0 Spellcasting


You had 5 spell levels left.
You didn't know any spells.

Dungeon Overview and Level Annotations

Branches:
Dungeon (2/15)

Altars:

Annotations:
D:2 Terence


Innate Abilities, Weirdness & Mutations

You are resistant to torment.
((Your stone body is resilient. (AC +3)))
You are immune to poison.
You resist negative energy. (rN+)
((You are resistant to electric shocks. (rElec)))
((You can survive without breathing.))
You are immune to petrification.
You are immune to rotting.


Message History

You sock Sigmund!
You kill Sigmund!
Your Maces & Flails skill increases to level 3!
Your Dodging skill increases to level 1!
The jackal bites you but does no damage.
You sock the jackal!
You kill the jackal!
Terence zaps a wand.
The puff of flame hits you!
* * * LOW HITPOINT WARNING * * *
You closely miss Terence. You block Terence's attack.
Your shield prevents you from hitting Terence.
Terence hits you but does no damage.
You sock Terence!
Terence is heavily wounded.
Terence zaps a wand.
The puff of flame hits you!
You hit Terence but do no damage.
Terence is heavily wounded.
Terence zaps a wand.
The puff of flame hits you!
Terence zaps a wand.
The puff of flame hits you!
You die...

........ # .#
..... .##..# .#
#=†##.....##.#
#{..[.......#
#.@#####.##.#
#.h# #.##.# #..#
#.##.#
#..#####.##.#
#...@♣......#
##..###..##.#
#..# #..##)#
#..###..##.####.#
#...............#
##.###.##.#.###.#
#.# #.##...# #>#
#.##..## #.#
#.##..#


You could see Terence.

Vanquished Creatures
  Sigmund (D:2)
  3 adders (D:2)
  2 dart slugs
  A leopard gecko (D:1)
  2 bats
  2 giant cockroaches (D:1)
  5 goblins
  3 hobgoblins
  3 jackals (D:2)
  A quokka (D:2)
  5 kobolds
  2 rats
30 creatures vanquished.

Notes
Turn   | Place    | Note
-------+----------+-------------------------------------------
     0 | D:1      | Omegatherion the Gargoyle Fighter began the quest for the Orb.
     0 | D:1      | Reached XP level 1. HP: 14/14 MP: 1/1
   193 | D:1      | Reached XP level 2. HP: 17/19 MP: 2/2
   564 | D:2      | Reached XP level 3. HP: 21/23 MP: 3/3
   677 | D:2      | Noticed Sigmund
   677 | D:2      | Reached skill level 1 in Spellcasting
   678 | D:2      | Noticed Terence
   684 | D:2      | Reached XP level 4. HP: 24/29 MP: 5/5
   722 | D:2      | Killed Sigmund
   722 | D:2      | Reached skill level 1 in Dodging
   727 | D:2      | Killed from afar by Terence

Skill      XL: |  1  2  3  4 |
---------------+-------------+-----
Spellcasting   | 1 |  1.0
Maces & Flails | 3 |  3.2
Dodging        | 1 |  1.0
Fighting       | |  3.8
Armour         | |  3.7
Shields        | |  3.7

Action                   |  1- 3 |  4- 6 || total
-------------------------+-------+-------++-------
Melee: Flail             |    92 |    29 ||   121
  Use: Potion            |       |     2 ||     2
Armor: Scale mail        |    55 |     4 ||    59
       Skin              |       |    12 ||    12
Dodge: Dodged            |    30 |     4 ||    34
Block: Shield            |    59 |    10 ||    69
